Map: Cactus Valley LE (Void)

Players

aLive - Winner!

  • Race: Terran Terran
  • Spawn Location: 1:00

TYTY (TY)

  • Race: Terran Terran
  • Spawn Location: 7:00

Event: IEM XI Katowice - World Championship 2017

VOD

Have the link to the VOD?

Description

Time

  • Played on: March 5, 2017, 6:06 a.m.
  • Length: 13:31

All games in this series

Show
View Real Time Build Order
Export as new Build Order

aLive Terran - Winner!

Build Orders: 1/1/1, Liberator Opening, MMM Bio 

Get SALT Encoding   

  12  0:00  SCV  
  13  0:12  SCV  
  14  0:17  Supply Depot  
  14  0:24  SCV  
  14  0:28  Refinery  
  15  0:39  SCV  
  16  0:44  Barracks  
  16  0:51  SCV  
  16  0:55  Refinery  
  17  1:03  SCV  
  18  1:15  SCV  
  19  1:27  SCV  
  20  1:33  Factory, Reaper  
  21  1:40  Orbital Command  
  21  1:53  Supply Depot  
  21  2:06  Reaper  
  21  2:07  SCV  
  23  2:17  Hellion  
  25  2:24  SCV, Starport  
  26  2:37  Supply Depot  
  26  2:39  Marine  
  26  2:40  Hellion  
  29  2:45  Liberator, SCV  
  31  2:59  SCV  
  34  3:06  Barracks Reactor  
  34  3:08  Cyclone  
  34  3:11  SCV  
  37  3:19  Supply Depot  
  37  3:23  SCV  
  38  3:35  SCV  
  39  3:47  SCV  
  39  3:59  Starport Tech Lab, SCV  
  40  4:02  Command Center  
  40  4:06  Factory Tech Lab  
  40  4:07  Marine x2  
  42  4:11  SCV  
  43  4:19  Supply Depot  
  43  4:21  Raven  
  45  4:27  Marine x2  
  47  4:41  Siege Tank, SCV  
  47  4:45  Marine x2  
  50  4:53  SCV  
  50  5:00  Barracks  
  50  5:02  Barracks  
  50  5:05  Raven, SCV  
  53  5:11  Engineering Bay  
  53  5:16  Orbital Command  
  53  5:17  SCV  
  54  5:21  Marine  
  54  5:22  Marine  
  54  5:25  Refinery  
  56  5:29  SCV  
  56  5:30  Siege Tank  
  60  5:36  Supply Depot  
  60  5:38  Terran Infantry Weapons Level 1  
  60  5:41  SCV  
  60  5:42  SCV  
  62  5:51  Barracks Tech Lab  
  62  5:54  Marine x2  
  62  5:55  SCV x2  
  66  5:57  Starport Reactor  
  66  6:00  Marine, Stimpack  
  67  6:04  Supply Depot  
  67  6:08  Supply Depot  
  67  6:09  SCV x2  
  69  6:17  Marine x3  
  69  6:18  Marine  
  71  6:19  Combat Shields  
  71  6:24  SCV  
  71  6:25  SCV  
  73  6:37  SCV x2, Command Center  
  75  6:41  Marine x2  
  75  6:42  Marine x2  
  79  6:49  Supply Depot  
  79  6:51  SCV x2  
  81  6:55  Refinery  
  81  6:56  Medivac x2  
  83  7:12  Marine x4  
  83  7:13  SCV x2  
  85  7:18  Siege Tank  
  88  7:28  Barracks  
  87  7:30  Barracks, Medivac x2  
  87  7:35  Terran Infantry Armor Level 1  
  87  7:36  SCV x2  
  87  7:37  Armory, Engineering Bay  
  92  7:48  Marine  
  92  7:49  Marine x3  
  93  7:57  Orbital Command  
  93  8:02  SCV x2  
  91  8:06  Marine x3  
  92  8:14  SCV x2  
  92  8:17  Siege Tank  
  97  8:21  Supply Depot  
  97  8:26  SCV x2  
  99  8:30  SCV  
  99  8:31  Marine  
  99  8:32  Marine x3  
  99  8:33  Viking x2  
  108  8:38  SCV x2  
  109  8:44  Barracks Reactor x2  
  109  8:48  Missile Turret  
  109  8:49  Missile Turret  
  109  8:50  Missile Turret, SCV  
  109  8:51  SCV  
  111  8:58  Terran Infantry Weapons Level 2  
  110  9:08  Viking x2  
  110  9:09  Siege Tank  
  117  9:13  Marine x3  
  120  9:22  Marine x5  
  122  9:27  Sensor Tower  
  122  9:31  Marine x2  
  123  9:37  Supply Depot  
  123  9:40  Barracks Reactor  
  123  9:41  Sensor Tower  
  123  9:43  Marine x3  
  125  9:47  Marine x2  
  125  9:48  Marine  
  125  9:49  Marine  
  121  9:53  Supply Depot  
  121  9:54  Supply Depot, Siege Tank  
  121  9:55  Supply Depot  
  121  9:59  Viking x2  
  128  10:01  Marine  
  129  10:07  Terran Vehicle Weapons Level 1  
  129  10:08  Factory  
  129  10:22  Marine x5  
  128  10:28  Marine  
  128  10:29  Marine x3, Siege Tank  
  135  10:40  Marine x4  
  135  10:42  Viking x2  
  143  10:45  Supply Depot  
  141  10:55  Factory Tech Lab  
  136  11:10  Marine x7  
  136  11:11  Marine x2  
  131  11:12  Siege Tank  
  131  11:13  Viking  
  134  11:40  Orbital Command  
  134  11:42  Sensor Tower, Medivac  
  134  11:43  Medivac  
  138  11:55  Marine  
  138  11:56  Marine x8  
  146  12:04  Siege Tank  
  147  12:12  Viking  
  147  12:13  Marine x2  
  142  12:15  Viking  
  144  12:34  Marine x6  
  147  12:45  Viking  
  148  12:52  Viking  
  148  12:53  Siege Tank  
  152  13:14  Supply Depot  
  152  13:15  Supply Depot x2  
Show
View Real Time Build Order
Export as new Build Order

TYTY Terran 

Build Orders: Bio Tank 

Get SALT Encoding   

  12  0:00  SCV  
  13  0:12  SCV  
  14  0:17  Supply Depot  
  14  0:24  SCV  
  15  0:39  Barracks  
  15  0:43  Refinery  
  15  0:45  SCV  
  16  0:59  Barracks  
  16  1:03  SCV  
  17  1:15  SCV  
  18  1:27  Reaper  
  18  1:28  Orbital Command  
  19  1:41  Supply Depot  
  19  1:46  Reaper  
  20  1:54  SCV  
  21  2:07  SCV  
  24  2:26  Command Center  
  24  2:29  Marine x2  
  24  2:32  SCV  
  24  2:35  Factory  
  25  2:44  SCV  
  25  2:46  Supply Depot  
  25  2:48  Marine  
  25  2:49  Marine  
  28  2:56  SCV  
  29  2:59  Bunker  
  29  3:08  SCV  
  30  3:17  Refinery  
  30  3:20  SCV  
  30  3:23  Starport  
  31  3:32  SCV  
  32  3:35  Cyclone  
  32  3:40  Engineering Bay  
  35  3:44  SCV  
  35  3:59  Orbital Command  
  35  4:00  SCV  
  35  4:08  Viking  
  37  4:12  Factory Tech Lab, SCV  
  38  4:17  Missile Turret  
  38  4:23  Missile Turret  
  38  4:24  SCV  
  38  4:25  SCV  
  38  4:36  SCV  
  36  4:38  SCV  
  37  4:48  SCV  
  37  4:50  SCV  
  38  4:58  Siege Tank  
  43  5:01  SCV  
  43  5:02  SCV  
  43  5:04  Refinery  
  43  5:07  Barracks Tech Lab  
  43  5:09  Barracks Reactor  
  43  5:13  SCV  
  44  5:15  SCV  
  44  5:18  Supply Depot  
  45  5:24  Barracks  
  45  5:25  Stimpack, SCV  
  45  5:27  Marine, SCV  
  48  5:34  Supply Depot  
  48  5:37  SCV  
  48  5:42  Siege Tank, SCV  
  53  5:44  Marine  
  53  5:46  Marine x2, Refinery  
  53  5:48  Starport Reactor  
  53  5:49  SCV  
  57  5:54  SCV  
  57  6:00  Terran Infantry Weapons Level 1  
  57  6:01  SCV  
  57  6:02  Marine  
  59  6:10  SCV, Barracks  
  59  6:11  Barracks  
  60  6:13  SCV  
  60  6:16  Marine x2  
  60  6:17  Barracks Reactor  
  60  6:22  Siege Tank  
  64  6:27  Marine  
  64  6:30  Supply Depot, Medivac  
  66  6:34  Marine  
  66  6:35  Marine  
  68  6:42  Supply Depot  
  68  6:45  Marine  
  69  6:52  Medivac  
  69  6:53  Widow Mine  
  71  6:57  Supply Depot  
  71  6:59  Marine x3, Barracks Reactor  
  71  7:00  Viking  
  71  7:01  Barracks Reactor  
  78  7:03  Marine  
  75  7:12  Marine  
  70  7:16  Marine  
  70  7:22  Medivac  
  73  7:23  Marine  
  73  7:24  Marine x2  
  73  7:26  Siege Tank  
  73  7:29  Marine  
  77  7:34  Marine  
  79  7:38  Marine x2, Combat Shields  
  79  7:41  Marine x3, Medivac  
  86  7:47  Supply Depot, Marine  
  86  7:52  Marine  
  87  8:02  Terran Infantry Armor Level 1  
  87  8:05  Marine, Siege Tank  
  89  8:06  Marine x4  
  96  8:16  Viking  
  96  8:17  Viking  
  98  8:20  Marine  
  102  8:30  Marine, Barracks Reactor x2  
  102  8:31  Marine  
  102  8:36  Liberator  
  102  8:38  Supply Depot  
  102  8:39  Marine x2  
  101  8:47  Liberator  
  101  8:48  Marine x2, Siege Tank  
  101  8:49  Marine  
  110  9:06  Marine x2  
  110  9:07  Marine  
  110  9:08  Supply Depot  
  116  9:15  Marine x2  
  118  9:23  Supply Depot x2  
  118  9:29  Marine x5  
  118  9:30  Siege Tank  
  126  9:41  Viking  
  126  9:44  Marine  
  126  9:45  Marine x2  
  129  9:47  Marine  
  129  9:49  Marine x2  
  129  9:50  Marine  
  130  9:53  Supply Depot  
  130  9:58  Marine, Viking  
  130  9:59  Marine  
  134  10:02  Marine x3  
  134  10:05  Marine  
  130  10:21  Viking  
  130  10:28  Marine x3  
  134  10:34  Siege Tank  
  138  10:39  Viking  
  138  10:41  Marine x2  
  140  10:54  Viking  
  136  11:09  Marine x2  
  134  11:13  Siege Tank  
  134  11:16  Marine  
  134  11:20  Marine  
  130  11:29  Viking  
  130  11:30  Viking  
  127  11:37  Marine x2  
  129  11:48  Liberator  
  129  11:57  Liberator  
  134  12:13  Supply Depot  
  134  12:15  Supply Depot  
  135  12:41  Marine x3  
  135  12:42  Marine x2  
  138  12:48  Viking  
  140  12:57  Viking  
  144  12:59  Marine  
  144  13:04  Supply Depot x2  
  141  13:12  Marine x5  

Tags
 
Add a new tag
Caveats
  • Supply blocks, unpowered buildings, or Contaminate may cause inaccurate times.
  • Supply counts are checked every 10 seconds.